 Dungeon Crawl Stone Soup version 0.30-a0-702-gdf48620a09 (webtiles) character file.

Game seed: 7630610132519390117

164 kae the Changer (level 5, -3/37 HPs)
             Began as a Demonspawn Transmuter on Jan 21, 2023.
             Slain by a goblin
             ... wielding a +0 club
             ... led by Robin
              (5 damage)
             ... on level 3 of the Dungeon.
             The game lasted 00:03:11 (2623 turns).

kae the Changer (Demonspawn Transmuter)             Turns: 2623, Time: 00:03:12

Health: -3/37      AC:  2    Str: 15 (16) XL:     5   Next: 21%
Magic:  5/9        EV: 19    Int: 13 (16) God:
Gold:   93         SH:  0    Dex: 17 (19) Spells: 3/9 levels left

rFire   . . .      SeeInvis .      - Unarmed
rCold   . . .      Faith    .    (shield currently unavailable)
rNeg    . . .      Spirit   .    (body armour currently unavailable)
rPois   x          Reflect  .    (helmet currently unavailable)
rElec   .          Harm     .    (cloak currently unavailable)
rCorr   .          Rampage  .    (gloves currently unavailable)
Will    +....                    (boots currently unavailable)
Stlth   ++                       (no amulet)
HPRegen 0.26/turn                S - +6 ring of strength
MPRegen 0.11/turn                r - ring of willpower

@: mighty, spider-form (expiring), wereblooded
A: venomous fangs, tiny, (horns 2)
a: End Transformation


You were on level 3 of the Dungeon.
You were a venomous arachnid creature.
You visited 1 branch of the dungeon, and saw 3 of its levels.

You collected 93 gold pieces.


Innate Abilities, Weirdness & Mutations

You are a venomous arachnid creature.
You have venomous fangs.
You are tiny and dextrous.
Your spellcasting is less reliable in this form.
Your armour is entirely melded.
You are incapable of wielding weapons or throwing items.
((You have a pair of horns on your head.))


   Skills:
 - Level 1.0 Fighting
 - Level 1.7 Dodging
 + Level 3.3 Unarmed Combat
 + Level 2.8 Spellcasting
 * Level 3.4 Transmutations
 - Level 2.0 Poison Magic


You had 3 spell levels left.
You knew the following spells:

 Your Spells              Type           Power      Damage    Failure   Level
a - Beastly Appendage     Tmut           20%        N/A       17%         1
b - Wereblood             Tmut           10%        N/A       22%         2
c - Spider Form           Tmut/Pois      8%         N/A       43%         3

Your spell library contained the following spells:

 Spells                   Type           Power      Damage    Failure   Level
 Ice Form                 Ice/Tmut       6%         N/A       89%         4

Inventory:

Missiles
 c - 3 poisoned darts
 d - 18 stones
 j - a throwing net {=f!f}
 l - 6 boomerangs
Armour
 a - a +0 robe (melded)
 s - a +2 cloak (melded)
   (You found it on level 2 of the Dungeon)
Jewellery
 r - a ring of willpower (right front pincers)
   (You found it on level 2 of the Dungeon)
 F - a ring of protection from fire
   (You found it on level 1 of the Dungeon)
 S - a +6 ring of strength (left front pincers)
   (You found it on level 3 of the Dungeon)
Wands
 t - a wand of digging (5)
   (You took it off Ijyb on level 3 of the Dungeon)
 u - a wand of iceblast (3)
   (You found it on level 2 of the Dungeon)
Scrolls
 h - 2 scrolls of teleportation {@r4}
 i - 4 scrolls of fog
 n - a scroll of poison {!r}
Potions
 b - 2 potions of lignification {!q}
 g - a potion of resistance {unknown}
 k - 2 potions of curing {@q1}
 m - a potion of flight {unknown}
 o - a potion of berserk rage {unknown}
 p - a potion of heal wounds {unknown}
 q - 2 potions of haste {unknown}
 v - a potion of invisibility {unknown}

Dungeon Overview and Level Annotations

Branches:
Dungeon (3/15) Zot: 15388

Altars:
Gozag
Qazlal

Annotations:
D:3 Robin

#..######.##.####.
#>..............#.
#.####### #...[
#.# #.#.. #.#
.#.##. #.#
.^...... #.#
##...... #g#
###.### #s########
#. #
#####gg......# #.
# ......g).)....#
# ######........#
# ....g.........r
# ####g#######'##
# ..g. .. # ##...
. # ##. #


You could see Robin, a hobgoblin (strong) and 5 goblins.


Message History

The kobold shouts!
The quokka completely misses you.
You barely miss the quokka.
Jessica shouts!
The quokka closely misses you. Jessica casts a spell at you.
Pain shoots through your body!
* * * LOW HITPOINT WARNING * * *
The quokka misses you. 😨 HP[-10]
You take 10 damage, and now have 12/32 hp.
MASSIVE DAMAGE!! (PAUSE)
You hit the quokka.
Jessica casts a spell.
Jessica blinks!
A rat comes into view.
The quokka barely misses you.
You bite the quokka!
You kill the quokka!
Okay, then.
You hit Jessica.
Jessica is poisoned.
Jessica casts a spell at you. Pain shoots through your body!
* * * LOW HITPOINT WARNING * * *
😱 HP[-7]
You take 7 damage, and now have 5/32 hp.
MASSIVE DAMAGE!! (PAUSE)
You hit Jessica.
Jessica looks as sick as possible!
You kill Jessica!
Training target 2.0 for Poison Magic reached!
Your Poison Magic skill increases to level 2!
You have reached level 5! 😱 HP[+1]
You now have 37 max hp (+5).
You bite the kobold!
You kill the kobold!
A goblin comes into view.
It is wielding a +0 club. 😱 HP[+1] MP[+1]
The rat misses you.
Things that are here:
a +0 club; a kobold corpse You completely miss the rat.
The goblin shouts!
You hear a shout! x3
The rat bites you.
* * * LOW HITPOINT WARNING * * *
😱 HP[-2]
You take 2 damage, and now have 5/37 hp.
You bite the rat!
You kill the rat! 😱 HP[+1]
Casting: Spider Form (quite dangerous; 38% risk of failure)
Confirm with . or Enter, or press ? or * to list all spells.
Your blood is infused with primal strength.
Your transformation is almost over.
The goblin hits you but does no damage.
Robin of the Strong Arm comes into view.
They are wielding a +0 club and carrying a wand of flame (15).
A goblin comes into view. It is wielding a +0 dagger. 😱 MP[-2]
You lost 2 mp, and now have 4/9 mp.
You closely miss the goblin.
A rat comes into view.
The goblin closely misses you.
A goblin comes into view. It is wielding a +0 club. 😱 HP[+1]
The goblin closely misses you.
A hobgoblin comes into view. It is wielding a +0 dagger.
Robin throws the goblin at you!
* * * LOW HITPOINT WARNING * * *
You hit the goblin.
You feel a bit better.
You kill the goblin!
The goblin completely misses you.
Robin roars a battlecry!
The goblins go into a battle-frenzy! 😱 HP[+1] MP[+1] Unknown command.
A goblin comes into view. It is wielding a +0 club.
You hiss as the wereblood boils in your veins!
Robin says, "Feeling lonely?"
Robin throws the goblin at you! The goblin completely misses you.
You see here a +0 club.
You closely miss the goblin. The goblin closely misses you.
A goblin comes into view. It is wielding a +0 dagger.
The goblin hits you with a +0 club.
* * * LOW HITPOINT WARNING * * *
The goblin barely misses you. 😱 HP[-3]
You take 3 damage, and now have 5/37 hp.
It was a potion of degeneration.
There was something very wrong with that liquid.
You feel weakened.
You feel dopey.
You feel clumsy.
A goblin comes into view. It is wielding a staff of conjuration.
The goblin closely misses you. The goblin misses you.
The goblin hits you with a +0 dagger.
* * * LOW HITPOINT WARNING * * *
😱 HP[-3]
You take 3 damage, and now have 2/37 hp.
It was a potion of might.
You feel very mighty all of a sudden. The goblin misses you.
The goblin hits you with a +0 club.
You die...

Skill      XL: |  1  2  3  4 |
---------------+-------------+-----
Transmutations | 2 3 |  3.4
Unarmed Combat | 3 |  3.3
Poison Magic   | 1 2 |  2.0
Fighting       | |  1.0
Dodging        | |  1.7
Spellcasting   | |  2.8

Action                   |  1- 3 |  4- 6 || total
-------------------------+-------+-------++-------
Melee: Unarmed           |   130 |    45 ||   175
       Kick              |    22 |       ||    22
       Punch             |     4 |       ||     4
       Headbutt          |    12 |     4 ||    16
 Cast: Beastly Appendage |    27 |     3 ||    30
       Spider Form       |     2 |     2 ||     4
       Wereblood         |     1 |     1 ||     2
  Use: Scroll            |     7 |       ||     7
       Potion            |       |     2 ||     2
Armor: Robe              |    16 |     9 ||    25
       Skin              |     1 |     3 ||     4
Dodge: Dodged            |    93 |    32 ||   125

Levels and vault maps discovered:
D:1:      denvon_arrival_planthouse, layout_loops_corners,
          chequers_ecumenical_altar_lobes
D:2:      layout_basic, amcnicky_mini_rare_corridor_liquid
D:3:      layout_basic, grunt_gozag_breadcrumbs, grunt_qazlal_sundering,
          portal_sewer_entry_b, minmay_quadrilaterals, uniq_ijyb, uniq_natasha,
          uniq_robin, uniq_jessica

Notes
Turn   | Place    | Note
-------+----------+-------------------------------------------
     0 | D:1      | kae the Demonspawn Transmuter began the quest for the Orb.
     0 | D:1      | Reached XP level 1. HP: 15/15 MP: 3/3
     0 | D:1      | magus.rc [v1.11.3]
    55 | D:1      | Reached skill level 2 in Transmutations
    73 | D:1      | Mutation became permanent: You have a pair of small horns
                  | on your head. [demonic ancestry]
    73 | D:1      | Gained mutation: You have a pair of horns on your head.
                  | [demonic ancestry]
    73 | D:1      | Reached XP level 2. HP: 12/21 MP: 3/5
   665 | D:1      | Found a faded altar of an unknown god.
   928 | D:1      | Reached skill level 3 in Unarmed Combat
  1245 | D:2      | Gained mutation: You have a pair of horns on your head.
                  | [demonic ancestry]
  1245 | D:2      | Reached XP level 3. HP: 26/26 MP: 4/6
  1367 | D:2      | Learned a level 2 spell: Wereblood
  1371 | D:2      | Learned a level 3 spell: Spider Form
  2137 | D:3      | Noticed Ijyb
  2151 | D:3      | Killed Ijyb
  2152 | D:3      | Reached skill level 3 in Transmutations
  2152 | D:3      | Reached skill level 1 in Poison Magic
  2152 | D:3      | Reached XP level 4. HP: 24/32 MP: 4/7
  2200 | D:3      | Noticed Natasha
  2208 | D:3      | Killed Natasha
  2287 | D:3      | Found a stormy altar of Qazlal.
  2415 | D:3      | Found an opulent altar of Gozag.
  2599 | D:3      | Noticed Jessica
  2608 | D:3      | HP: 5/32 [Jessica/nerve-wracking pain (7)]
  2609 | D:3      | Killed Jessica
  2610 | D:3      | Reached skill level 2 in Poison Magic
  2610 | D:3      | Reached XP level 5. HP: 6/37 MP: 5/9
  2615 | D:3      | Noticed Robin
  2618 | D:3      | HP: 6/37 [Robin/goblin (1)]
  2622 | D:3      | HP: 2/37 [goblin/+0 dagger[Robin] (3)]
  2623 | D:3      | Slain by a goblin

Vanquished Creatures
  Jessica (D:3)
  Ijyb (D:3)
  Natasha (D:3)
  3 adders
  A worm (D:2)
  5 ball pythons
  5 endoplasms
  5 hobgoblins
  4 jackals (D:1)
  4 quokkas
  2 bats
  5 frilled lizards
  11 goblins
  5 kobolds
  4 rats
57 creatures vanquished.

Table legend:
 A = Non-vault XP
 B = Vault XP
 C = Vault XP percentage of total XP
 D = Non-vault monster count
 E = Vault monster count
 F = Vault count percentage of total count
                 A         B        C        D         E       F
            +---------+---------+-------+---------+---------+-------
      Total |     121 |     114 |  48.5 |      50 |       7 |  12.3
            +---------+---------+-------+---------+---------+-------
        D:1 |      34 |       0 |   0.0 |      21 |       0 |   0.0
        D:2 |      60 |       0 |   0.0 |      20 |       0 |   0.0
        D:3 |      27 |     114 |  80.9 |       9 |       7 |  43.8
            +---------+---------+-------+---------+---------+-------

Illustrated notes

Table legend:
 A = Kills in this place as a percentage of kills in entire the game.
 B = Kills by you in this place as a percentage of kills by you in the entire game.
 C = Kills by friends in this place as a percentage of kills by friends in the entire game.
 D = Other kills in this place as a percentage of other kills in the entire game.
 E = Experience gained in this place as a percentage of experience gained in the entire game.
 F = Experience gained in this place divided by the number of levels of this place that you have seen.
                   A       B       C       D       E      F
               +-------+-------+-------+-------+-------+----------------------
         Total | 100.0 | 100.0 |   N/A |   N/A | 100.0 |  78.3
       Dungeon | 100.0 | 100.0 |   N/A |   N/A | 100.0 |  78.3
               +-------+-------+-------+-------+-------+----------------------

Table legend: (Time is in decaauts)
 A = Elapsed time spent in this place.
 B = Non-inter-level travel time spent in this place.
 C = Inter-level travel time spent in this place.
 D = Time resting spent in this place.
 E = Time spent auto-exploring this place.
 F = Levels seen in this place.
 G = Mean time per level.
                   A        B        C        D        E       F      G
               +--------+--------+--------+--------+--------+-----+--------+
         Total |   2610 |   2548 |     62 |      6 |   2071 |   3 |  870.0 |
       Dungeon |   2610 |   2548 |     62 |      6 |   2071 |   3 |  870.0 |
               +--------+--------+--------+--------+--------+-----+--------+

Top non-repeatable levels by time:
     D:1: 1145 daAuts
     D:2: 934 daAuts
     D:3: 531 daAuts
